 Dungeon Crawl Stone Soup version 0.31.0-12-g77e489cdc1 (webtiles) character file.

Game seed: 17908602154633383094

417 UttericTaro the Sneak (level 6, 0/48 HPs)
             Began as a Draconian Enchanter on Feb 18, 2024.
             Slain by a wyvern (5 damage)
             ... on level 5 of the Dungeon.
             The game lasted 00:12:02 (2092 turns).

UttericTaro the Sneak (Draconian Enchanter)         Turns: 2092, Time: 00:12:03

Health: 0/48       AC:  6    Str: 12    XL:     6   Next: 61%
Magic:  3/9        EV: 12    Int: 16    God:
Gold:   87         SH:  0    Dex: 11    Spells: 2/10 levels left

rFire   . . .        a - +1 dagger (venom)
rCold   . . .        (no shield)
rNeg    . . .        (body armour unavailable)
rPois   .            (helmet restricted)
rElec   .            (no cloak)
rCorr   .            (no gloves)
SInv    .            (no boots)
Will    +....        (no amulet)
Stlth   ++           g - ring of willpower
HPRegen 0.28/turn    (no ring)
MPRegen 0.11/turn

%: no passive effects
@: lethally poisoned (0 -> -2), very slightly contaminated
A: AC +6, unfitting armour, cold-blooded
a: no special abilities


You were on level 5 of the Dungeon.
You visited 1 branch of the dungeon, and saw 5 of its levels.

You collected 187 gold pieces.
You spent 100 gold pieces at shops.

Inventory:

Hand Weapons
 a - a +1 dagger of venom (weapon)
Missiles
 i - 2 throwing nets (quivered)
Jewellery
 g - a ring of willpower (left hand)
 j - a ring of flight
Wands
 f - a wand of digging (7)
Potions
 d - a potion of brilliance {unknown}
 k - a potion of resistance
 l - a potion of enlightenment


   Skills:
 * Level 1.7 Fighting
 * Level 2.6 Short Blades
 * Level 0.2 Throwing
 * Level 3.0 Dodging
 * Level 3.6 Stealth
 * Level 2.5 Spellcasting
 * Level 1.1 Conjurations
 * Level 3.5 Hexes
 * Level 1.4 Ice Magic
 * Level 0.3 Air Magic
 * Level 1.1 Alchemy
 * Level 1.3 Evocations


You had 2 spell levels left.
You knew the following spells:

 Your Spells              Type           Power      Damage    Failure   Level
a - Ensorcelled Hibernat  Hex/Ice        20%        N/A       11%         2
b - Tukima's Dance        Hex            13%        N/A       14%         3
c - Sting                 Conj/Alch      20%        1d4       12%         1
d - Mercury Vapours       Alch/Air       8%         N/A       22%         2

Your spell library contained the following spells:

 Spells                   Type           Power      Damage    Failure   Level
 Confusing Touch          Hex            13%        N/A       14%         3
 Dazzling Flash           Conj/Hex       18%        N/A       22%         3
 Olgreb's Toxic Radiance  Alch           5%         N/A       77%         4


Dungeon Overview and Level Annotations

Branches:
Dungeon (5/15)
 Temple: D:4-7

Altars:
Gozag
Sif Muna

Shops:
D:3 ?[[


Innate Abilities, Weirdness & Mutations

Your plain brown scales are hard. (AC +6)
You cannot fit into any form of body armour.
You are cold-blooded and may be slowed by cold attacks.


Message History

You feel sick.
You feel sick. The adder bites you.
You hit the adder but do no damage.
The adder is poisoned.
Your tail-slap misses the adder.
You feel sick. The adder barely misses you.
You closely miss the adder.
The adder is moderately wounded.
You feel sick.
You are no longer poisoned.
The adder bites you but does no damage. The adder attacks as it pursues you!
The adder bites you.
* * * LOW HITPOINT WARNING * * *
You are poisoned.
The adder poisons you!
Unknown command.
Casting: Sting (safe; 12% risk of failure)
Confirm with . or Enter, or press ? or * to list all spells.
Aiming: Ensorcelled Hibernation (safe; 11% risk of failure)
Press: ? - help, Shift-Dir - straight line, f - adder
Aim: an adder (heavily wounded, very poisoned, chance to affect: 52%)
The adder resists with significant effort.
You feel sick. The adder barely misses you.
Unknown command.
Casting: Ensorcelled Hibernation (safe; 11% risk of failure)
Confirm with . or Enter, or press ? or * to list all spells.
Aiming: Ensorcelled Hibernation (safe; 11% risk of failure)
Press: ? - help, Shift-Dir - straight line, f/p - adder
Aim: an adder (almost dead, very poisoned, chance to affect: 52%)
The adder looks drowsy...
You feel sick.
You kill the adder!
The wyvern bites you.
* * * LOW HITPOINT WARNING * * *
Casting: Ensorcelled Hibernation (safe; 11% risk of failure)
Confirm with . or Enter, or press ? or * to list all spells.
Aiming: Ensorcelled Hibernation (safe; 11% risk of failure)
Press: ? - help, Shift-Dir - straight line, f - wyvern
Aim: a wyvern (heavily wounded, poisoned, chance to affect: 44%)
You miscast Ensorcelled Hibernation.
You are very lightly contaminated with residual magic.
Nothing appears to happen.
You feel sick. The wyvern bites you.
You die...

#.# #.# # #.# .#.
#.####### ######...
#.......########........
#.......'......'..).....
##......########........
#......########........
########....@k.........
########........
#########


You could see a wyvern (poisoned).

Vanquished Creatures
  A black bear (D:4)
  A bombardier beetle (D:5)
  A gnoll bouda (D:4)
  A sleepcap (D:5)
  An iguana (D:4)
  3 adders
  10 gnolls
  A white imp (D:4)
  A dart slug (D:1)
  3 orcs (D:3)
  A ball python (D:2)
  2 bats
  3 endoplasms
  5 giant cockroaches
  5 goblins
  5 hobgoblins
  6 jackals (D:1)
  2 kobolds (D:3)
  2 quokkas
  A frilled lizard (D:2)
  7 rats
62 creatures vanquished.

Vanquished Creatures (collateral kills)
  A gnoll (D:2)
  An orc (D:4)
2 creatures vanquished.

Grand Total: 64 creatures vanquished

Notes
Turn   | Place    | Note
-------+----------+-------------------------------------------
     0 | D:1      | UttericTaro the Draconian Enchanter began the quest for the
                  | Orb.
     0 | D:1      | Reached XP level 1. HP: 14/14 MP: 3/3
   101 | D:1      | Reached XP level 2. HP: 18/20 MP: 5/5
   104 | D:1      | Learned a level 2 spell: Ensorcelled Hibernation
   389 | D:2      | Reached XP level 3. HP: 27/27 MP: 6/6
   416 | D:2      | Learned a level 3 spell: Tukima's Dance
   520 | D:3      | Found a shimmering blue altar of Sif Muna.
   815 | D:3      | Found Fivay's Magic Scroll Emporium.
   835 | D:3      | Bought a scroll of identify for 20 gold pieces
   835 | D:3      | Bought a scroll of fear for 40 gold pieces
   835 | D:3      | Bought a scroll of poison for 40 gold pieces
   859 | D:3      | Noticed an animated shadow dragon scales
   861 | D:3      | Found Olunafus's Armour Emporium.
   863 | D:3      | Noticed an animated pearl dragon scales
   920 | D:3      | Learned a level 1 spell: Sting
   954 | D:3      | Found Ynkex's Armour Shoppe.
  1196 | D:2      | Reached skill level 1 in Fighting
  1196 | D:2      | Reached XP level 4. HP: 25/35 MP: 7/7
  1255 | D:4      | Noticed a black bear
  1270 | D:4      | Killed a black bear
  1271 | D:4      | Reached skill level 1 in Ice Magic
  1271 | D:4      | Reached XP level 5. HP: 39/40 MP: 3/8
  1280 | D:4      | Learned a level 2 spell: Mercury Vapours
  1433 | D:4      | Found an opulent altar of Gozag.
  1553 | D:4      | Reached skill level 1 in Evocations
  1561 | D:4      | Reached XP level 6. HP: 22/47 MP: 9/9
  1781 | D:4      | Reached skill level 1 in Conjurations
  1781 | D:4      | Reached skill level 1 in Alchemy
  1811 | D:5      | Entered Level 5 of the Dungeon
  2078 | D:5      | Noticed a wyvern
  2092 | D:5      | Slain by a wyvern

Illustrated notes

Levels and vault maps discovered:
D:1:      minmay_arrival_diagonal_passages, layout_loops_cross
D:2:      layout_rooms, kennysheep_generic_room_12, uniq_sigmund
D:3:      layout_rooms, led_sif_pool, serial_shops, nicolae_shop_behind_doors,
          shop_statue, nicolae_shop_mannequins
D:4:      layout_basic, grunt_gozag_breadcrumbs
D:5:      layout_basic, nicolae_ossuary_entry_plus, gammafunk_ghost_hive

Skill      XL: |  1  2  3  4  5  6 |
---------------+-------------------+-----
Stealth        | 3 |  3.6
Hexes          | 3 |  3.5
Dodging        | 2 3 |  3.0
Fighting       | 1 |  1.7
Short Blades   | 2 |  2.6
Ice Magic      | 1 |  1.4
Evocations     | 1 |  1.3
Conjurations   | 1 |  1.1
Alchemy        | 1 |  1.1
Throwing       | |  0.2
Spellcasting   | |  2.5
Air Magic      | |  0.3

Action                     |  1- 3 |  4- 6 || total
---------------------------+-------+-------++-------
  Melee: Dagger            |    91 |    60 ||   151
         Tailslap          |    11 |    10 ||    21
         Punch             |     2 |     1 ||     3
   Cast: Tukima's Dance    |     1 |     3 ||     4
         Ensorcelled Hiber |       |     8 ||     8
         Sting             |       |     3 ||     3
  Evoke: Wand              |       |     1 ||     1
    Use: Scroll            |    12 |     2 ||    14
         Potion            |       |     7 ||     7
   Stab: Sleeping          |       |     5 ||     5
 Armour: Skin              |    84 |    66 ||   150
  Dodge: Dodged            |    58 |    57 ||   115
